 Dungeon Crawl Stone Soup version 0.31.0-12-g77e489cdc1 (webtiles) character file.

Game seed: 11303734612319162946

424 firemarshallily the Ducker (level 6, -7/51 HPs)
             Began as a Gnoll Gladiator on Feb 23, 2024.
             Was a Follower of Uskayaw.
             Killed by an exploding orc priest (23 damage)
             ... ignited by their inner flame
             ... on level 5 of the Dungeon.
             The game lasted 00:12:07 (3631 turns).

firemarshallily the Ducker (Gnoll Gladiator)        Turns: 3631, Time: 00:12:07

Health: -7/51      AC: 13    Str: 13    XL:     6   Next: 96%
Magic:  2/9        EV: 19    Int: 14    God:    Uskayaw [*.....]
Gold:   255        SH:  0    Dex: 15    Spells: 7/9 levels left

rFire   . . .        v - +2 falchion (protect)
rCold   . . .        (no shield)
rNeg    . . .        b - +0 leather armour
rPois   .            c - +0 helmet
rElec   .            y - +1 cloak
rCorr   .            (no gloves)
SInv    .            (no boots)
Will    .....        C - amulet of the acrobat
Stlth   ++           h - +6 ring of intelligence
HPRegen 0.28/turn    m - +5 ring of evasion
MPRegen 0.11/turn

%: acrobat
@: under a protective aura
A: fangs 1, strong nose, distributed training
a: Renounce Religion, Stomp


You were on level 5 of the Dungeon.
You worshipped Uskayaw.
Uskayaw was noncommittal.
You visited 2 branches of the dungeon, and saw 6 of its levels.

You collected 255 gold pieces.

Inventory:

Hand Weapons
 a - a +0 long sword
 v - a +2 falchion of protection (weapon)
Missiles
 d - 2 throwing nets
 e - a javelin
 x - 33 stones
 A - 3 poisoned darts (quivered)
Armour
 b - a +0 leather armour (worn)
 c - a +0 helmet (worn)
 o - a scarf of invisibility
 s - a scarf of shadows
 y - a +1 cloak (worn)
Jewellery
 h - a +6 ring of intelligence (left hand)
 m - a +5 ring of evasion (right hand)
 u - a ring of willpower
 C - an amulet of the acrobat (around neck)
Wands
 t - a wand of charming (4)
Scrolls
 g - a scroll of noise {unknown}
 i - a scroll of immolation
 j - 4 scrolls of enchant armour
 z - a scroll of identify {unknown}
 B - a scroll of amnesia {unknown}
Potions
 f - a potion of ambrosia {unknown}
 k - 2 potions of berserk rage {unknown}
 l - a potion of curing {unknown}
 n - a potion of might {unknown}
 p - a potion of degeneration {unknown}
 q - a potion of magic {unknown}
 r - a potion of enlightenment {unknown}
 w - a potion of attraction {unknown}
 D - a potion of resistance {unknown}


   Skills:
 + Level 5.1 Fighting
 + Level 2.2 Short Blades
 + Level 6.9 Long Blades
 + Level 2.2 Axes
 + Level 2.2 Maces & Flails
 + Level 2.2 Polearms
 + Level 2.2 Staves
 + Level 2.2 Ranged Weapons
 + Level 5.1 Throwing
 + Level 2.2 Armour
 + Level 6.9 Dodging
 + Level 2.2 Stealth
 + Level 2.2 Shields
 + Level 2.2 Unarmed Combat
 + Level 2.2 Spellcasting
 + Level 1.8 Conjurations
 + Level 1.8 Hexes
 + Level 1.8 Summonings
 + Level 1.8 Necromancy
 + Level 1.8 Translocations
 + Level 1.8 Fire Magic
 + Level 1.8 Ice Magic
 + Level 1.8 Air Magic
 + Level 1.8 Earth Magic
 + Level 1.8 Alchemy
 + Level 2.5 Invocations
 + Level 2.2 Evocations
 + Level 2.0 Shapeshifting


You had 7 spell levels left.
You knew the following spells:

 Your Spells              Type           Power      Damage    Failure   Level
a - Summon Small Mammal   Summ           24%        N/A       14%         1
b - Sting                 Conj/Alch      24%        1d4       14%         1

Your spell library contained the following spells:

 Spells                   Type           Power      Damage    Failure   Level
 Apportation              Tloc           12%        N/A       14%         1
 Necrotise                Necr           24%        1d5       14%         1
 Call Canine Familiar     Summ           6%         N/A       38%         3
 Summon Blazeheart Golem  Fire/Summ      6%         N/A       80%         4


Dungeon Overview and Level Annotations

Branches:
Dungeon (5/15)             Temple (1/1) D:4

Altars:
Ashenzari
Cheibriados
Dithmenos
Elyvilon
Gozag
Hepliaklqana
Kikubaaqudgha
Nemelex Xobeh
Okawaru
Sif Muna
Trog
Uskayaw
Vehumet
Wu Jian
Yredelemnul
The Shining One

Shops:
D:1 =


Innate Abilities, Weirdness & Mutations

You have very sharp teeth.
Your uncanny sense of smell can sniff out nearby items.
Your experience applies equally to all skills.


Message History

The sting misses the orc priest.
Unknown command.
Casting: Sting (safe; 14% risk of failure)
Confirm with . or Enter, or press ? or * to list all spells.
The orc priest closely misses you.
Casting: Summon Small Mammal (safe; 14% risk of failure)
Confirm with . or Enter, or press ? or * to list all spells.
The orc priest looks satisfied for a moment.
You closely miss the orc priest. The orc priest hits you with a +0 whip.
You closely miss the orc priest. The orc priest misses you.
You hit the orc priest.
Your weapon exudes an aura of protection.
Your bite misses the orc priest.
The orc priest is moderately wounded.
The orc priest barely misses you.
You hit the orc priest.
The orc priest is moderately wounded.
Your rat barely misses the orc priest.
Your rat bites the orc priest.
The orc priest mumbles some strange prayers to Beogh against you.
Beogh smites you!
* * * LOW HITPOINT WARNING * * *
As you read the scroll labelled JACEWA ANWIPH, it crumbles to dust.
It is a scroll of enchant armour.
Your +0 cloak glows green for a moment.
Your rat bites the orc priest but does no damage.
Your rat barely misses the orc priest.
The orc priest hits your rat with a +0 whip.
Your rat dies!
Your rat's corpse disappears in a puff of smoke!
The orc priest shouts!
As you read the scroll labelled ZAIBALUGENG, it crumbles to dust.
The creatures around you are filled with an inner flame!
It was a scroll of immolation.
Your rat bites the orc priest.
Flame seeps out of the orc priest.
The orc priest is engulfed in blazing flames.
The orc priest explodes!
The fiery explosion engulfs your rat!!!
Your rat's corpse disappears in a puff of smoke!
The fiery explosion engulfs you!!
You die...

#..#.# ##..g#.# . ##.#.#
###)..# # #.#.#####
##.g##.# #.#.....#
#o#...# #.#####†#
#>..### #†# ###.# #)###
###.###..§#####.#
#.....#..§○ggg..#
#.....#..@#####.#
#.....#...#######
########.....#.........#
.............#.........#
.....###.....##........#
.....# ########........#
....## #........# )...#
#........# ....#
##########


You could see 3 gnolls.

Vanquished Creatures
  Blork the orc (D:4)
  A bombardier beetle (D:3)
  An orc priest (D:5)
  Crazy Yiuf (D:3)
  A hound (D:5)
  A sleepcap (D:5)
  Jessica (D:2)
  Robin (D:3)
  2 gnolls (D:5)
  7 adders
  A dart slug (D:5)
  A ribbon worm (D:2)
  4 orcs
  5 bats
  8 endoplasms
  A giant cockroach (D:4)
  8 goblins
  7 hobgoblins
  A quokka (D:1)
  2 ball pythons (D:1)
  3 frilled lizards
  6 kobolds
  4 rats
68 creatures vanquished.

Vanquished Creatures (collateral kills)
  A hound (D:5)
  An orc (D:3)
  A ball python (D:1)
  3 endoplasms
  3 goblins (D:3)
  2 hobgoblins (D:3)
11 creatures vanquished.

Grand Total: 79 creatures vanquished

Notes
Turn   | Place    | Note
-------+----------+-------------------------------------------
     0 | D:1      | firemarshallily the Gnoll Gladiator began the quest for the
                  | Orb.
     0 | D:1      | Reached XP level 1. HP: 20/20 MP: 1/1
   122 | D:1      | Reached XP level 2. HP: 26/26 MP: 2/2
   205 | D:1      | Learned a level 1 spell: Summon Small Mammal
   284 | D:1      | Found Ipeqoveh's Jewellery Shoppe.
   897 | D:2      | Noticed Jessica
   905 | D:2      | Killed Jessica
   906 | D:2      | Reached skill level 1 in Invocations
   906 | D:2      | Reached XP level 3. HP: 29/31 MP: 0/4
   916 | D:2      | Reached skill level 1 in Short Blades
   916 | D:2      | Reached skill level 1 in Axes
   916 | D:2      | Reached skill level 1 in Maces & Flails
   916 | D:2      | Reached skill level 1 in Polearms
   916 | D:2      | Reached skill level 1 in Staves
   916 | D:2      | Reached skill level 1 in Ranged Weapons
   916 | D:2      | Reached skill level 1 in Armour
   916 | D:2      | Reached skill level 1 in Stealth
   916 | D:2      | Reached skill level 1 in Shields
   916 | D:2      | Reached skill level 1 in Unarmed Combat
   916 | D:2      | Reached skill level 1 in Spellcasting
   916 | D:2      | Reached skill level 1 in Evocations
  1066 | D:2      | Reached skill level 1 in Shapeshifting
  1066 | D:2      | Reached XP level 4. HP: 38/38 MP: 5/5
  1559 | D:3      | Reached skill level 1 in Conjurations
  1559 | D:3      | Reached skill level 1 in Hexes
  1559 | D:3      | Reached skill level 1 in Summonings
  1559 | D:3      | Reached skill level 1 in Necromancy
  1559 | D:3      | Reached skill level 1 in Translocations
  1559 | D:3      | Reached skill level 1 in Fire Magic
  1559 | D:3      | Reached skill level 1 in Ice Magic
  1559 | D:3      | Reached skill level 1 in Air Magic
  1559 | D:3      | Reached skill level 1 in Earth Magic
  1559 | D:3      | Reached skill level 1 in Alchemy
  1711 | D:3      | Reached XP level 5. HP: 43/43 MP: 5/7
  2057 | D:3      | Noticed Robin
  2070 | D:3      | Learned a level 1 spell: Sting
  2090 | D:3      | Killed Robin
  2292 | D:3      | Found a runed translucent door.
  2293 | D:3      | Noticed Crazy Yiuf
  2317 | D:3      | Killed Crazy Yiuf
  2518 | D:4      | Found a staircase to the Ecumenical Temple.
  2528 | Temple   | Entered the Ecumenical Temple
  2553 | Temple   | Became a worshipper of Uskayaw the Reveller
  2804 | D:4      | Noticed Blork the orc
  2823 | D:4      | Reached * piety under Uskayaw
  2826 | D:4      | Killed Blork the orc
  2826 | D:4      | Reached ** piety under Uskayaw
  2827 | D:4      | Reached skill level 5 in Fighting
  2827 | D:4      | Reached skill level 5 in Throwing
  2827 | D:4      | Reached XP level 6. HP: 49/51 MP: 4/9
  3434 | D:5      | Entered Level 5 of the Dungeon
  3631 | D:5      | Killed by an exploding orc priest... ignited by their inner
                  | flame

Illustrated notes

Levels and vault maps discovered:
D:1:      dpeg_arrival_rooms_a, layout_loops_ring, serial_shops, shop,
          bh_walls_and_bars
D:2:      layout_rooms, minivault_4, uniq_jessica
D:3:      layout_rooms, nicolae_half_adder, uniq_robin, uniq_crazy_yiuf_cottage
D:4:      layout_basic, minmay_temple_entry_grid, uniq_blork_the_orc
D:5:      layout_basic, uniq_edmund, uniq_duvessa
Temple:   lightli_temple_of_artemis

Skill      XL: |  1  2  3  4  5  6 |
---------------+-------------------+-----
Invocations    | 1 2 |  2.5
Short Blades   | 1 2 |  2.2
Axes           | 1 2 |  2.2
Maces & Flails | 1 2 |  2.2
Polearms       | 1 2 |  2.2
Staves         | 1 2 |  2.2
Ranged Weapons | 1 2 |  2.2
Armour         | 1 2 |  2.2
Stealth        | 1 2 |  2.2
Shields        | 1 2 |  2.2
Unarmed Combat | 1 2 |  2.2
Spellcasting   | 1 2 |  2.2
Evocations     | 1 2 |  2.2
Shapeshifting  | 1 2 |  2.0
Conjurations   | 1 |  1.8
Hexes          | 1 |  1.8
Summonings     | 1 |  1.8
Necromancy     | 1 |  1.8
Translocations | 1 |  1.8
Fire Magic     | 1 |  1.8
Ice Magic      | 1 |  1.8
Air Magic      | 1 |  1.8
Earth Magic    | 1 |  1.8
Alchemy        | 1 |  1.8
Fighting       | 5 |  5.1
Throwing       | 5 |  5.1
Long Blades    | |  6.9
Dodging        | |  6.9

Action                     |  1- 3 |  4- 6 || total
---------------------------+-------+-------++-------
  Melee: Long sword        |    43 |    38 ||    81
         Bite              |     6 |    15 ||    21
         Punch             |     1 |     3 ||     4
         Falchion          |       |    88 ||    88
  Throw: Throwing net      |       |     1 ||     1
         Stone             |       |     4 ||     4
   Cast: Summon Small Mamm |     9 |    48 ||    57
         Sting             |       |    10 ||    10
    Use: Scroll            |       |     2 ||     2
   Stab: Sleeping          |     1 |     6 ||     7
         Distracted        |       |     1 ||     1
 Armour: Leather armour    |    19 |    45 ||    64
  Dodge: Dodged            |    29 |   115 ||   144
